 Dungeon Crawl Stone Soup version 0.18-a0-1171-ga8e22e7 (webtiles) character file.

2200 4thArraOfDagon the Carver (level 9, -4/78 HPs)
             Began as a Centaur Berserker on Jan 26, 2016.
             Was a Follower of Trog.
             Slain by a killer bee (7 damage)
             ... on level 8 of the Dungeon.
             The game lasted 00:10:03 (1880 turns).

4thArraOfDagon the Carver (Centaur Berserker)       Turns: 1880, Time: 00:10:03

Health: -4/78      AC:  4    Str: 22    XL:     9   Next: 12%
Magic:  9/9        EV: 10    Int:  6    God:    Trog [*.....]
Gold:   213        SH:  0    Dex: 10    Spells: 0 memorised, 8 levels left

rFire  . . .     SeeInvis .     j - +0 great sword
rCold  . . .     Gourm    .     e - troll hide {Purgy}
rNeg   . . .     Faith    .     (shield currently unavailable)
rPois  .         Spirit   .     (no helmet)
rElec  .         Dismiss  .     (no cloak)
rCorr  .         Reflect  .     (no gloves)
SustAt .         Harm     .     (no barding)
MR     +....                    (no amulet)
Stlth  ..........               k - +1 ring of evasion
                                f - ring of protection from magic

@: lethally poisoned (-4 -> -4), very slightly contaminated, drained, invisible,
very quick, somewhat resistant to hostile enchantments, extremely unstealthy
A: hooves 3, deformed body, speed 2, tough skin 3
a: Berserk, Burn Spellbooks, Renounce Religion


You were on level 8 of the Dungeon.
You worshipped Trog.
Trog was aware of your devotion.
You were very hungry.

You visited 1 branch of the dungeon, and saw 9 of its levels.

You collected 213 gold pieces.

Inventory:

Hand Weapons
 j - a +0 great sword (weapon)
Armour
 e - a troll hide (worn) {Purgy}
 m - a +0 cloak
Jewellery
 f - a ring of protection from magic (left hand)
 k - a +1 ring of evasion (right hand)
Wands
 g - a wand of frost (18/48)
 h - a wand of cold (14/15)
 l - a wand of fireball (11/15)
 s - a wand of random effects (15/48)
Potions
 q - a potion of flight
Comestibles
 b - 3 meat rations
 c - 3 bread rations
 d - 8 chunks of flesh


   Skills:
 + Level 6.7(6.0) Fighting
 * Level 8.5(7.7) Long Blades
 + Level 4.6(3.9) Armour
 - Level 1.3(0.7) Dodging


You had 8 spell levels left.
You didn't know any spells.

Dungeon Overview and Level Annotations

Branches:
Dungeon (9/15)
 Temple: D:4-7         Lair: D:8-11         Orc: D:9-12

Altars:
Qazlal
Sif Muna
Xom

Shops:
D:7 =

Annotations:
D:3 Grinder
D:5 4thArraOfDagon's ghost, weakling DDBe
D:7 4 runed doors


Innate Abilities, Weirdness & Mutations

You have hooves in place of feet.
Armour fits poorly on your strangely shaped body.
You cover ground very quickly.
You have extremely tough skin (AC +3).


Message History

You feel sick.
Unknown command.
You're too hungry to go berserk.
Unknown command.
Unknown command.
Unknown command.
Unknown command.
You feel yourself slow down.
You feel sick.
Unknown command.
The killer bee barely misses you.
Unknown command.
Unknown command.
The killer bee closely misses you.
Unknown command.
You feel sick.
Unknown command.
Unknown command.
The killer bee stings you!
You die...

######.#............
.....
...?.....###..#######
#.### ........## #..#
.. ######### #..# ##
#.## #.# #y# #y# #@#
###


You could see 2 killer bees.

Vanquished Creatures
  Pikel (D:3)
  The ghost of 4thArraOfDagon the Chopper, an amateur CeBe of Trog (D:3)
  The ghost of derval the Charmwright, an amateur MfSk (D:4)
  Edmund (D:4)
  Purgy (D:3)
  An ice beast (D:7)
  2 phantoms (D:4)
  2 ogres (D:4)
  2 giant frogs
  A water moccasin skeleton (D:4)
  A killer bee (D:8)
  5 wights (D:8)
  A hound (D:8)
  A giant frog skeleton (D:7)
  3 orc wizards
  Natasha (twice) (D:3)
  A worker ant (D:8)
  3 gnolls (D:5)
  9 adders
  2 adder skeletons
  3 worms
  3 giant geckos
  4 orcs
  2 giant cockroaches
  A goblin (D:3)
  A hobgoblin (D:1)
  2 kobolds (D:3)
  5 quokkas
  5 bats
  A giant newt (D:3)
  2 rats
70 creatures vanquished.

Vanquished Creatures (others)
  3 slaves (D:4)
  A phantom (D:4)
  A centaur skeleton (D:4)
5 creatures vanquished.

Grand Total: 75 creatures vanquished

Notes
Turn   | Place    | Note
--------------------------------------------------------------
     0 | D:1      | 4thArraOfDagon the Centaur Berserker began the quest for the Orb.
     0 | D:1      | Reached XP level 1. HP: 19/19 MP: 1/1
   187 | D:3      | Reached XP level 2. HP: 9/26 MP: 2/2
   312 | D:3      | Noticed Natasha
   317 | D:3      | Killed Natasha
   317 | D:3      | Reached XP level 3. HP: 31/31 MP: 3/3
   324 | D:3      | Noticed Purgy
   388 | D:3      | Killed Purgy
   388 | D:3      | Reached skill level 4 in Long Blades
   388 | D:3      | Reached XP level 4. HP: 15/40 MP: 4/4
   388 | D:3      | Reached XP level 5. HP: 17/46 MP: 5/5
   609 | D:4      | Noticed an ogre
   610 | D:4      | Noticed derval's ghost (amateur MfSk)
   611 | D:4      | Noticed Edmund
   613 | D:4      | Noticed a slave
   613 | D:4      | Noticed a slave
   613 | D:4      | Noticed an ogre
   615 | D:4      | Noticed a slave
   617 | D:4      | Noticed a slave
   618 | D:4      | Noticed Pikel
   619 | D:4      | Noticed a phantom
   646 | D:4      | Reached ** piety under Trog
   667 | D:3      | Killed Pikel
   667 | D:3      | Reached skill level 5 in Fighting
   667 | D:3      | Reached skill level 5 in Long Blades
   667 | D:3      | Reached XP level 6. HP: 56/56 MP: 6/6
   667 | D:3      | Reached XP level 7. HP: 61/61 MP: 7/7
   669 | D:3      | Reached skill level 6 in Long Blades
   688 | D:3      | Noticed Natasha
   716 | D:3      | Noticed Grinder
   787 | D:4      | Killed Edmund
   798 | D:4      | Killed derval's ghost
   798 | D:4      | Reached XP level 8. HP: 33/70 MP: 8/8
   924 | D:4      | Reached skill level 7 in Long Blades
  1028 | D:3      | Noticed 4thArraOfDagon's ghost (amateur CeBe)
  1057 | D:3      | Killed 4thArraOfDagon's ghost
  1123 | D:3      | Killed Natasha
  1142 | D:4      | Found a stormy altar of Qazlal.
  1169 | D:5      | Entered Level 5 of the Dungeon
  1215 | D:5      | Noticed 4thArraOfDagon's ghost (weakling DDBe)
  1284 | D:7      | Found Pasid's Jewellery Shoppe.
  1302 | D:7      | Found a huge runed gate.
  1302 | D:7      | Found a huge runed gate.
  1303 | D:7      | Found a huge runed gate.
  1303 | D:7      | Noticed a griffon
  1303 | D:7      | Noticed a griffon
  1304 | D:7      | Noticed a polar bear
  1304 | D:7      | Found a huge runed gate.
  1304 | D:7      | Noticed a polar bear
  1304 | D:7      | Noticed a griffon
  1358 | D:7      | Reached skill level 8 in Long Blades
  1407 | D:7      | Found a deep blue altar of Sif Muna.
  1410 | D:7      | Found a shimmering altar of Xom.
  1592 | D:8      | Reached XP level 9. HP: 76/78 MP: 9/9
  1842 | D:8      | HP: 1/78 [killer bee (6)]
  1867 | D:8      | HP: 3/78 [poisoned by a killer bee]
  1867 | D:8      | HP: 1/78 [killer bee (2)]
  1874 | D:8      | HP: 1/78 [poisoned by a killer bee]
  1880 | D:8      | Slain by a killer bee

Vault maps used:
D:1:      eino_arrival_druids_welcome, serial_glass, glass_columns_b,
          glass_columns_c, glass_columns_b, glass_columns_a, glass_columns_a,
          glass_columns_a, patterned_corridor
D:2:      tgw_trog
D:3:      kennysheep_the_goblin_king,
          nicolae_gozag_cash_rules_everything_around_me, first_bread,
          uniq_natasha, uniq_grinder, uniq_robin, uniq_purgy
D:4:      grunt_qazlal_clouds, uniq_edmund, uniq_pikel
D:5:      minmay_temple_entry_poolview, serial_shops, shop,
          kennysheep_mini_moat, shop, nicolae_shop_statue_plus,
          nicolae_tso_besieged_by_evil, uniq_duvessa
D:6:      zin_angel, lemuel_round_altar, minmay_door_square,
          serial_bayou_crossing, uniq_sigmund, uniq_blork_the_orc
D:7:      lemuel_bear_cage, grunt_temple_overflow_open, serial_shops, shop,
          shop, shop
D:9:      basic_altar, uniq_grum, uniq_erica

Action                   |  1- 3 |  4- 6 |  7- 9 || total
-------------------------+-------+-------+-------++-------
Melee: Falchion          |    45 |    40 |   182 ||   267
       Great sword       |       |       |    28 ||    28
Invok: Berserk           |     3 |     2 |     9 ||    14
       Trog's Hand       |       |       |    11 ||    11
  Use: Potion            |     3 |       |     5 ||     8
       Scroll            |       |       |     8 ||     8
  Eat: Chunk             |       |     3 |    13 ||    16
       Beef jerky        |       |       |     1 ||     1
